AA NE
BINGHAMTON RUMBLE PONIES @ NEW HAMPSHIRE FISHER CATS
06/30/2041
 
TOP OF THE 1ST
Binghamton Rumble Ponies batting - Pitching for New Hampshire Fisher Cats : RHP Luis González
Pitching: RHP Luis González
Batting: LHB Robbie Curry 0-0: Ball
1-0: Ball
2-0: Foul Ball, location: 5F
2-1: Foul Ball, location: 5SF
2-2: Strikes out looking
Batting: LHB Jim Unknown 0-0: Called Strike
0-1: Foul Ball, location: 7LSF
0-2: Ball
1-2: Ball
2-2: Ball
3-2: Strikes out swinging
Batting: LHB Jim Unknown 0-0: Ball
1-0: Ball
2-0: Fly out, F6 (Popup, 6, EV 60.6 MPH)
Top of the 1st over - 0 runs, 0 hits, 0 errors, 0 left on base; Binghamton 0 - New Hampshire 0
BOTTOM OF THE 1ST
New Hampshire Fisher Cats batting - Pitching for Binghamton Rumble Ponies : RHP Jim Unknown
Pitching: RHP Jim Unknown
Batting: RHB Rogerio López 0-0: Ball
1-0: Called Strike
1-1: Ball
2-1: Fly out, F8 (Flyball, 89M, EV 75.6 MPH)
Batting: RHB Jack Somers 0-0: Ball
1-0: Foul Ball, location: 23F
1-1: DOUBLE (Line Drive, 7LD, EV 100.6 MPH)
Batting: SHB Dan Tutt 0-0: Ball
1-0: DOUBLE (Line Drive, 7LD, EV 93.1 MPH)
Jack Somers scores
Batting: RHB Rusty Vogelsang 0-0: Foul Ball, location: 3F
0-1: Ball
1-1: Foul Ball, location: 5DF
1-2: Ground out 5-3 (Groundball, 5, EV 105.0 MPH)
Batting: RHB Anastasio Larreynaga 0-0: Ground out 4-3 (Groundball, 4, EV 88.8 MPH)
Bottom of the 1st over - 1 run, 2 hits, 0 errors, 1 left on base; Binghamton 0 - New Hampshire 1
TOP OF THE 2ND
Binghamton Rumble Ponies batting - Pitching for New Hampshire Fisher Cats : RHP Luis González
Batting: RHB Jim Unknown 0-0: Called Strike
0-1: Called Strike
0-2: Strikes out swinging
Batting: RHB Jim Unknown 0-0: Called Strike
0-1: Foul Ball, location: 2F
0-2: Ball
1-2: Foul Ball, location: 9LSF
1-2: Ball
2-2: Foul Ball, location: 2F
2-2: Strikes out looking
Batting: RHB Jim Unknown 0-0: Ball
1-0: Ball
2-0: Ball
3-0: Base on Balls
Batting: RHB Jim Unknown 0-0: SINGLE (Groundball, 34S, EV 70.0 MPH) (infield hit)
Jim Unknown to second
Batting: LHB Jim Unknown 0-0: Ball
1-0: Foul Ball, location: 7LDF
1-1: Called Strike
1-2: Strikes out swinging
Top of the 2nd over - 0 runs, 1 hit, 0 errors, 2 left on base; Binghamton 0 - New Hampshire 1
BOTTOM OF THE 2ND
New Hampshire Fisher Cats batting - Pitching for Binghamton Rumble Ponies : RHP Jim Unknown
Batting: RHB Ron Kirkland 0-0: Ball
1-0: Swinging Strike
1-1: Ground out U3 (Groundball, 34S, EV 78.1 MPH)
Batting: RHB Pat Roberts 0-0: Called Strike
0-1: Ground out 4-3 (Groundball, 4, EV 88.1 MPH)
Batting: RHB Juan Vázquez 0-0: Ball
1-0: Ball
2-0: SINGLE (Groundball, 4MD, EV 106.3 MPH)
Batting: RHB Ed Smith 0-0: Ball
1-0: Fly out, F3 (Popup, 23F, EV 81.3 MPH)
Bottom of the 2nd over - 0 runs, 1 hit, 0 errors, 1 left on base; Binghamton 0 - New Hampshire 1
TOP OF THE 3RD
Binghamton Rumble Ponies batting - Pitching for New Hampshire Fisher Cats : RHP Luis González
Batting: SHB Jim Unknown 0-0: Swinging Strike
0-1: Ball
1-1: Called Strike
1-2: Ball
2-2: Foul Ball, location: 7LMF
2-2: Strikes out swinging, 2-3 out at first.
Batting: LHB Robbie Curry 0-0: Ball
1-0: Ball
2-0: Ball
3-0: Base on Balls
Batting: LHB Jim Unknown 0-0: Called Strike
0-1: Foul Ball, location: 2F
0-2: Strikes out looking
Robbie Curry is caught stealing 2nd base 2-6
Batter strikes out.
Top of the 3rd over - 0 runs, 0 hits, 0 errors, 0 left on base; Binghamton 0 - New Hampshire 1
BOTTOM OF THE 3RD
New Hampshire Fisher Cats batting - Pitching for Binghamton Rumble Ponies : RHP Jim Unknown
Batting: RHB Rogerio López 0-0: Bunt for hit to 13 - play at first, batter safe!
Batting: RHB Jack Somers 0-0: Ball
Rogerio López steals 2nd base
1-0: Ball
2-0: Fly out, F8 (Line Drive, 8LM, EV 93.1 MPH)
Batting: SHB Dan Tutt 0-0: Ball
1-0: Foul Ball, location: 3F
1-1: Reached via error on a dropped throw from 2B, E3 (Groundball, 34, EV 86.9 MPH)
Rogerio López to third
Batting: RHB Rusty Vogelsang 0-0: Ball
1-0: Called Strike
1-1: Ball
2-1: Ball
3-1: Foul Ball, location: 5F
3-2: 3-RUN HOME RUN (Flyball, 7LD, EV 90.6 MPH), Distance : 345 ft
Batting: RHB Anastasio Larreynaga 0-0: Fly out, F9 (Flyball, 89M, EV 98.8 MPH)
Batting: RHB Ron Kirkland 0-0: Called Strike
0-1: Foul Ball, location: 2F
0-2: Strikes out swinging, 2-3 out at first.
Bottom of the 3rd over - 3 runs, 2 hits, 1 error, 0 left on base; Binghamton 0 - New Hampshire 4
TOP OF THE 4TH
Binghamton Rumble Ponies batting - Pitching for New Hampshire Fisher Cats : RHP Luis González
Batting: LHB Jim Unknown 0-0: Called Strike
0-1: Swinging Strike
0-2: Ball
1-2: Foul Ball, location: 25FF
1-2: Ground out 4-3 (Groundball, 4, EV 86.3 MPH)
Batting: RHB Jim Unknown 0-0: Called Strike
0-1: Fly out, F8 (Flyball, 8LM, EV 83.1 MPH)
Batting: RHB Jim Unknown 0-0: Ball
1-0: Ball
2-0: Called Strike
2-1: Foul Ball, location: 23F
2-2: Strikes out swinging
Top of the 4th over - 0 runs, 0 hits, 0 errors, 0 left on base; Binghamton 0 - New Hampshire 4
BOTTOM OF THE 4TH
New Hampshire Fisher Cats batting - Pitching for Binghamton Rumble Ponies : RHP Jim Unknown
Batting: RHB Pat Roberts 0-0: Swinging Strike
0-1: Called Strike
0-2: Ball
1-2: Foul Ball, location: 5FF
1-2: Strikes out swinging
Batting: RHB Juan Vázquez 0-0: Ball
1-0: Ball
2-0: Called Strike
2-1: Ball
3-1: Foul Ball, location: 25F
3-2: Foul Ball, location: 2F
3-2: Foul Ball, location: 5FF
3-2: Base on Balls
Batting: RHB Ed Smith 0-0: Swinging Strike
0-1: Swinging Strike
0-2: Grounds into double play, 6-4-3 (Groundball, 6MS, EV 89.4 MPH)
Bottom of the 4th over - 0 runs, 0 hits, 0 errors, 0 left on base; Binghamton 0 - New Hampshire 4
TOP OF THE 5TH
Binghamton Rumble Ponies batting - Pitching for New Hampshire Fisher Cats : RHP Luis González
Batting: RHB Jim Unknown 0-0: Ball
1-0: Called Strike
1-1: SINGLE (Groundball, 6MD, EV 90.0 MPH) (infield hit)
Batting: RHB Jim Unknown 0-0: Grounds into double play, 4-6-3 (Groundball, 4, EV 89.4 MPH)
Batting: LHB Jim Unknown 0-0: Ball
1-0: Called Strike
1-1: Fly out, F7 (Flyball, 7, EV 99.4 MPH)
Top of the 5th over - 0 runs, 1 hit, 0 errors, 0 left on base; Binghamton 0 - New Hampshire 4
BOTTOM OF THE 5TH
New Hampshire Fisher Cats batting - Pitching for Binghamton Rumble Ponies : RHP Jim Unknown
Batting: RHB Rogerio López 0-0: Ball
1-0: Foul Ball, location: 2F
1-1: Ground out 6-3 (Groundball, 6M, EV 106.9 MPH)
Batting: RHB Jack Somers 0-0: Called Strike
0-1: Ball
1-1: DOUBLE (Line Drive, 89D, EV 106.9 MPH)
Batting: SHB Dan Tutt 0-0: Ground out U3 (Groundball, 3, EV 93.8 MPH)
Jack Somers to third
Batting: RHB Rusty Vogelsang 0-0: Ball
1-0: Ball
2-0: Called Strike
2-1: Ball
3-1: Base on Balls
Batting: RHB Anastasio Larreynaga 0-0: Ball
1-0: Called Strike
1-1: Foul Ball, location: 2F
1-2: Ball
Rusty Vogelsang steals 2nd base
2-2: Strikes out swinging
Bottom of the 5th over - 0 runs, 1 hit, 0 errors, 2 left on base; Binghamton 0 - New Hampshire 4
TOP OF THE 6TH
Binghamton Rumble Ponies batting - Pitching for New Hampshire Fisher Cats : RHP Luis González
Batting: SHB Jim Unknown 0-0: Called Strike
0-1: Called Strike
0-2: Foul Ball, location: 3FF
0-2: Strikes out swinging
Batting: LHB Robbie Curry 0-0: Called Strike
0-1: Ball
1-1: Swinging Strike
1-2: SINGLE (Groundball, 4MD, EV 95.6 MPH)
Batting: LHB Jim Unknown 0-0: Ball
1-0: Foul Ball, location: 5F
1-1: Ball
2-1: Ball
3-1: Foul Ball, location: 7LDF
3-2: Base on Balls
Robbie Curry to second
Batting: LHB Jim Unknown 0-0: Ball
1-0: Ball
2-0: Swinging Strike
2-1: Foul Ball, location: 3F
2-2: Foul Ball, location: 7LMF
2-2: Ball
3-2: Foul Ball, location: 2F
3-2: Base on Balls
Robbie Curry to third
Jim Unknown to second
Batting: RHB Jim Unknown 0-0: Called Strike
0-1: Foul Ball, location: 2F
0-2: Ball
1-2: Strikes out swinging
Batting: RHB Jim Unknown 0-0: Swinging Strike
0-1: Ball
1-1: Foul Ball, location: 9LDF
1-2: Foul Ball, location: 9LMF
1-2: Strikes out swinging
Top of the 6th over - 0 runs, 1 hit, 0 errors, 3 left on base; Binghamton 0 - New Hampshire 4
BOTTOM OF THE 6TH
New Hampshire Fisher Cats batting - Pitching for Binghamton Rumble Ponies : RHP Jim Unknown
Batting: RHB Ron Kirkland 0-0: Called Strike
0-1: Ball
1-1: Ball
2-1: Ball
3-1: Base on Balls
Batting: RHB Pat Roberts 0-0: Ball
1-0: Called Strike
1-1: Called Strike
Ron Kirkland steals 2nd base
1-2: Foul Ball, location: 2F
1-2: Fly out, F8 (Flyball, 8LD, EV 93.8 MPH)
Batting: RHB Juan Vázquez 0-0: Foul Ball, location: 3F
0-1: Ground out U3 (Groundball, 3, EV 89.4 MPH)
Ron Kirkland to third
Batting: RHB Ed Smith 0-0: Ground out 5-3 (Groundball, 56S, EV 89.4 MPH)
Bottom of the 6th over - 0 runs, 0 hits, 0 errors, 1 left on base; Binghamton 0 - New Hampshire 4
TOP OF THE 7TH
Binghamton Rumble Ponies batting - Pitching for New Hampshire Fisher Cats : RHP Luis González
Batting: RHB Jim Unknown 0-0: Ball
1-0: Fly out, F9 (Flyball, 89M, EV 84.4 MPH)
Batting: RHB Jim Unknown 0-0: Ball
1-0: Called Strike
1-1: Ground out U3 (Groundball, 3, EV 105.6 MPH)
Pitching: LHP Kevin Cooke
Batting: LHB Jim Unknown 0-0: Called Strike
0-1: Swinging Strike
0-2: Strikes out swinging
Top of the 7th over - 0 runs, 0 hits, 0 errors, 0 left on base; Binghamton 0 - New Hampshire 4
BOTTOM OF THE 7TH
New Hampshire Fisher Cats batting - Pitching for Binghamton Rumble Ponies : RHP Jim Unknown
Batting: RHB Rogerio López 0-0: Ball
1-0: Called Strike
1-1: Ball
2-1: Foul Ball, location: 23F
2-2: Strikes out swinging
Batting: RHB Jack Somers 0-0: Ball
1-0: Called Strike
1-1: Ball
2-1: Ground out 6-3 (Groundball, 6, EV 76.3 MPH)
Batting: SHB Dan Tutt 0-0: Ball
1-0: Fly out, F7 (Flyball, 78S, EV 84.4 MPH)
Bottom of the 7th over - 0 runs, 0 hits, 0 errors, 0 left on base; Binghamton 0 - New Hampshire 4
TOP OF THE 8TH
Binghamton Rumble Ponies batting - Pitching for New Hampshire Fisher Cats : LHP Kevin Cooke
Batting: SHB Jim Unknown 0-0: Ball
1-0: Ball
2-0: SOLO HOME RUN (Flyball, 7D, EV 95.6 MPH), Distance : 374 ft
Batting: LHB Robbie Curry 0-0: Ball
1-0: Ball
2-0: Ball
3-0: Called Strike
3-1: Base on Balls
Pinch Hitting: SHB Jim Unknown 0-0: Ball
1-0: Ball
2-0: Ball
3-0: Base on Balls
Robbie Curry to second
Pinch Hitting: RHB Jim Unknown 0-0: Ball
1-0: Grounds into double play, U5-3 (Groundball, 5L, EV 88.1 MPH)
Jim Unknown to second
Batting: RHB Jim Unknown 0-0: Foul Ball, location: 5SF
0-1: Ground out 5-3 (Groundball, 56, EV 91.3 MPH)
Top of the 8th over - 1 run, 1 hit, 0 errors, 1 left on base; Binghamton 1 - New Hampshire 4
BOTTOM OF THE 8TH
New Hampshire Fisher Cats batting - Pitching for Binghamton Rumble Ponies : RHP Jim Unknown
Pitching: LHP Jim Unknown
Now in CF: Jim Unknown
Now in RF: Jim Unknown
Batting: RHB Rusty Vogelsang 0-0: Fly out, F9 (Flyball, 9, EV 86.3 MPH)
Batting: RHB Anastasio Larreynaga 0-0: Ball
1-0: Called Strike
1-1: DOUBLE (Groundball, 5L, EV 95.6 MPH)
Batting: RHB Ron Kirkland 0-0: Ball
1-0: Foul Ball, location: 2F
1-1: Ball
2-1: Foul Ball, location: 7LSF
2-2: DOUBLE (Flyball, 89D, EV 104.4 MPH)
Anastasio Larreynaga scores
Batting: RHB Pat Roberts 0-0: Ball
1-0: Ground out 4-3 (Groundball, 4M, EV 106.9 MPH)
Batting: RHB Juan Vázquez 0-0: Ball
1-0: SINGLE (Line Drive, 56, EV 99.4 MPH)
Ron Kirkland to third
Runner from 3rd tries for Home, SAFE, throw by LF to home
Batting: RHB Ed Smith 0-0: Fly out, F5 (Popup, 5S, EV 71.3 MPH)
Bottom of the 8th over - 2 runs, 3 hits, 0 errors, 1 left on base; Binghamton 1 - New Hampshire 6
TOP OF THE 9TH
Binghamton Rumble Ponies batting - Pitching for New Hampshire Fisher Cats : LHP Kevin Cooke
Batting: RHB Jim Unknown 0-0: Ball
1-0: Called Strike
1-1: Ball
2-1: Called Strike
2-2: Strikes out swinging
Batting: RHB Jim Unknown 0-0: Called Strike
0-1: Ball
1-1: Ground out U3 (Groundball, 34S, EV 91.3 MPH)
Batting: RHB Jim Unknown 0-0: Ball
1-0: Ball
2-0: Called Strike
2-1: Swinging Strike
2-2: Foul Ball, location: 9LMF
2-2: Strikes out swinging
Top of the 9th over - 0 runs, 0 hits, 0 errors, 0 left on base; Binghamton 1 - New Hampshire 6
Monday, April 1st , 2024 - OOTP Baseball 24.10 Build 82